 Dungeon Crawl Stone Soup version 0.26-a0-579-g3afe4966bf (webtiles) character file.

Game seed: 12194200861777255413

9 Tzapil the Skirmisher (level 2, -5/27 HPs)
             Began as a Hill Orc Chaos Knight on Aug 23, 2020.
             Was a Plaything of Xom.
             Slain by Sigmund
             ... wielding a +0 scythe
              (12 damage)
             ... on level 2 of the Dungeon.
             The game lasted 00:01:05 (146 turns).

Tzapil the Skirmisher (Hill Orc Chaos Knight)        Turns: 146, Time: 00:01:05

Health: -5/27      AC:  5    Str: 14    XL:     2   Next: 16%
Magic:  2/2        EV: 11    Int: 12    God:    Xom [..*...]
Gold:   23         SH:  0    Dex: 10    Spells: 1/1 levels left

rFire    . . .     SeeInvis .   a - +0 short sword (chaos)
rCold    . . .     Faith    .   (no shield)
rNeg     . . .     Spirit   .   b - +2 leather armour
rPois    .         Reflect  .   (no helmet)
rElec    .         Harm     .   (no cloak)
rCorr    .                      (no gloves)
MR       .....                  (no boots)
Stlth    +.........             (no amulet)
HPRegen  0.09/turn              (no ring)
MPRegen  0.08/turn              (no ring)

@: no status effects
A: no striking features
a: Renounce Religion


You were on level 2 of the Dungeon.
You worshipped Xom.
You were a toy of Xom.
You visited 1 branch of the dungeon, and saw 2 of its levels.

You collected 23 gold pieces.

Inventory:

Hand Weapons
 a - a +0 short sword of chaos (weapon)
 d - a +0 whip
Armour
 b - a +2 leather armour (worn)
 c - a +0 scale mail
Jewellery
 e - an uncursed ring of fire {unknown}


   Skills:
 + Level 4.1 Fighting
 + Level 3.0 Short Blades
 + Level 2.4 Armour
 + Level 0.7 Dodging


You had one spell level left.
You didn't know any spells.
Your spell library was empty.

Dungeon Overview and Level Annotations

Branches:
Dungeon (2/15)

Altars:

Annotations:
D:2 Sigmund


Message History

Sigmund gestures wildly while chanting.
Sigmund flickers and vanishes!
Deactivating autopickup; reactivate with Ctrl-A.
The frilled lizard closely misses you.
You hit the frilled lizard but do no damage.
The frilled lizard blinks!
You hit the giant cockroach but do no damage.
The giant cockroach barely misses you.
You hit the giant cockroach. You burn the giant cockroach.
You kill the giant cockroach!
Something hits you. Something hits you but does no damage.
Found a scroll labeled TIELAH SUKLOY.
You see here a giant cockroach corpse.
You hit something.
Your leather armour prevents you from hitting something.
Something hits you!
* * * LOW HITPOINT WARNING * * *
You hit something. You freeze something. Something hits you!
You die...

. .. # ..? .#
.... .?
.....######!#.###
.........@{l.....
####.##.#####.###
#.# #<# #.# #.#
... #.# #.#


You could see a frilled lizard.

Vanquished Creatures
  A dart slug (D:1)
  A bat (D:1)
  A giant cockroach (D:2)
  A goblin (D:1)
  A hobgoblin (D:1)
  A frilled lizard (D:1)
  A kobold (D:1)
7 creatures vanquished.

Notes
Turn   | Place    | Note
-------+----------+-------------------------------------------
     0 | D:1      | Tzapil the Hill Orc Chaos Knight began the quest for the
                  | Orb.
     0 | D:1      | Reached XP level 1. HP: 19/19 MP: 1/1
    69 | D:1      | Reached skill level 4 in Fighting
   113 | D:1      | Reached XP level 2. HP: 26/27 MP: 2/2
   134 | D:2      | Noticed Sigmund
   146 | D:2      | Slain by Sigmund

Illustrated notes

Levels and vault maps discovered:
D:1:      dpeg_arrival_three_smaller_balls, layout_basic, due_unseen_surprise
D:2:      layout_loops_ring, uniq_sigmund

Skill      XL: |  1 |
---------------+----+-----
Fighting       | 4 |  4.1
Short Blades   | |  3.0
Armour         | |  2.4
Dodging        | |  0.7

Action                   || total
-------------------------++-------
Melee: Short sword       ||    25
Armor: Leather armour    ||    15
Dodge: Dodged            ||    15

Table legend: (Time is in decaauts)
 A = Elapsed time spent in this place.
 B = Non-inter-level travel time spent in this place.
 C = Inter-level travel time spent in this place.
 D = Time resting spent in this place.
 E = Time spent auto-exploring this place.
 F = Levels seen in this place.
 G = Mean time per level.
                   A        B        C        D        E       F      G
               +--------+--------+--------+--------+--------+-----+--------+
         Total |    144 |    144 |      0 |      0 |      0 |   2 |   72.0 |
       Dungeon |    144 |    144 |      0 |      0 |      0 |   2 |   72.0 |
               +--------+--------+--------+--------+--------+-----+--------+

Top non-repeatable levels by time:
     D:1: 130 daAuts
     D:2: 14 daAuts
